 Dungeon Crawl Stone Soup version 0.21-a0-442-g848f44b (webtiles) character file.

5495 kiturien the Carver (level 10, -1/90 HPs)
             Began as a Minotaur Fighter on Nov 10, 2017.
             Was a Believer of Wu Jian.
             Slain by a troll (7 damage)
             ... on level 10 of the Dungeon on Nov 14, 2017.
             The game lasted 00:28:42 (7274 turns).

kiturien the Carver (Minotaur Fighter)              Turns: 7274, Time: 00:28:43

Health: -1/90      AC: 22    Str: 25    XL:     10   Next: 42%
Magic:  9/9        EV: 11    Int:  7    God:    Wu Jian [**....]
Gold:   501        SH: 13    Dex: 13    Spells: 9/9 levels left

rFire    . . .     SeeInvis .   x - +4 long sword
rCold    + . .     Gourm    .   c - +1 shield
rNeg     . . .     Faith    .   k - +3 plate armour {rC+}
rPois    .         Spirit   .   (helmet restricted)
rElec    .         Reflect  .   (no cloak)
rCorr    .         Harm     .   (no gloves)
MR       .....     Rnd*Tele +   (no boots)
Stlth    ..........             (no amulet)
HPRegen  0.25/turn              m - +2 ring of evasion
MPRegen  0.11/turn              n - +3 ring of protection

@: no status effects
A: retaliatory headbutt, horns 2, molten scales 1, rugged brown scales 1, agile
1, clever 1, strong 1, teleportitis 1
a: Renounce Religion


You were on level 10 of the Dungeon.
You worshipped Wu Jian.
Wu Jian was pleased with you.
You were very hungry.

You visited 2 branches of the dungeon, and saw 12 of its levels.
You also visited: Bailey.

You collected 501 gold pieces.

Inventory:

Hand Weapons
 a - a +1 long sword
 x - a +4 long sword (weapon)
Armour
 c - a +1 shield (worn)
 k - a +3 plate armour of cold resistance (worn)
Jewellery
 m - a +2 ring of evasion (left hand)
 n - a +3 ring of protection (right hand)
Wands
 p - a wand of clouds (3/9)
 u - a wand of lightning (3/15)
 y - a wand of flame (12/48)
 z - a wand of confusion (17/48)
 A - a wand of confusion (20/48)
Scrolls
 b - a scroll of identify
 e - 3 scrolls of remove curse
 j - 2 scrolls of enchant armour
 o - 5 scrolls of amnesia
 q - a scroll of enchant weapon
 r - 3 scrolls of teleportation
 t - 2 scrolls of fog
Potions
 d - 2 potions of might
 g - 4 potions of curing
 i - a potion of haste
 s - a potion of heal wounds
 w - a potion of berserk rage
Comestibles
 f - 3 bread rations
 h - 4 meat rations
 l - 2 royal jellies
 v - 27 fruits


   Skills:
 * Level 8.0 Fighting
 * Level 11.1 Long Blades
 * Level 8.2 Armour
 * Level 5.4 Dodging
 * Level 9.9 Shields


You had 9 spell levels left.
You didn't know any spells.

Dungeon Overview and Level Annotations

Branches:
Dungeon (11/15)            Temple (1/1) D:6
   Lair: D:8-11         Orc: D:9-12

Altars:
Ashenzari
Cheibriados
Dithmenos
Fedhas
Hepliaklqana
Kikubaaqudgha
Nemelex Xobeh
Okawaru
Ru
Trog
Vehumet
Wu Jian
Xom

Shops:
D:5 (

Annotations:
D:11 Fannar


Innate Abilities, Weirdness & Mutations

You reflexively headbutt those who attack you in melee.
You have a pair of horns on your head.
You are partially covered in molten scales. (AC +2)
You are partially covered in rugged brown scales. (AC +1, +3% HP)
You are agile. (Dex +2)
Your mind is acute. (Int +2)
Your muscles are strong. (Str +2)
You are occasionally teleported next to monsters.


Message History

The centaur shoots an arrow.
The arrow closely misses you. The efreet gestures at you.
The fireball explodes!
The fireball engulfs you!
* * * LOW HITPOINT WARNING * * *
The death knight's dark mirror aura disappears.
There is a stone staircase leading up here.
You don't know any spells.
You climb upwards.
A troll comes into view.
Found 18 stones and a metallic puce potion.
There is a stone staircase leading down here.
A troll is nearby!
The troll barely misses you. You furiously retaliate!
You headbutt the troll! You block the troll's attack. x2
You hit the troll. You headbutt the troll!!
The troll is almost dead.
You barely miss the troll. Your headbutt misses the troll.
The troll is almost dead.
The troll bites you!
You die...

##.######
#.......# #
#.......#
..##.......#
..........#
#....!..#
#.......#
#(T@.>..#
#.......#
#########


You could see a troll.

Vanquished Creatures
  A two-headed ogre (D:7)
  The ghost of cirnu the Slasher, a novice DsCK of Xom (D:5)
  A troll (D:9)
  A hornet (D:7)
  A hippogriff (D:7)
  Sigmund (D:4)
  A yak (D:11)
  A hungry ghost (D:7)
  An acid dragon (D:8)
  Duvessa (D:4)
  Edmund (D:6)
  2 black bears (D:6)
  An ice beast (D:6)
  3 sky beasts
  2 orc warriors (Bailey)
  An ogre (D:4)
  2 centaurs
  2 big kobolds (D:8)
  3 bullfrogs
  A scorpion (D:4)
  Dowan (D:4)
  7 wights
  2 howler monkeys (D:4)
  A bullfrog zombie (D:5)
  4 crimson imps
  2 hounds
  2 jellies
  2 orc priests (D:8)
  2 centaur skeletons (D:11)
  3 iguanas
  2 orc wizards
  Natasha (thrice) (D:4)
  10 worker ants
  A howler monkey zombie (D:8)
  A howler monkey skeleton (D:6)
  8 adders
  2 shadow imps (D:8)
  An ooze (D:4)
  An adder skeleton (D:5)
  A dart slug (D:3)
  4 leopard geckos
  33 orcs
  5 giant cockroaches
  14 goblins
  7 hobgoblins
  7 jackals
  2 quokkas
  2 ball pythons
  5 bats
  2 frilled lizards
  13 kobolds
  A quokka zombie (D:4)
  2 rats
181 creatures vanquished.

Notes
Turn   | Place    | Note
-------+----------+-------------------------------------------
     0 | D:1      | kiturien the Minotaur Fighter began the quest for the Orb.
     0 | D:1      | Reached XP level 1. HP: 19/19 MP: 0/0
     2 | D:1      | Noticed a human
     2 | D:1      | Noticed a halfling
     4 | D:1      | Noticed a vine stalker
     4 | D:1      | Noticed a centaur
     6 | D:1      | Noticed a troll
     8 | D:1      | Noticed a felid
     8 | D:1      | Noticed an ogre
    10 | D:1      | Noticed a merfolk
    12 | D:1      | Noticed a demigod
    12 | D:1      | Noticed a formicid
    14 | D:1      | Noticed an octopode
    14 | D:1      | Noticed a draconian
    16 | D:1      | Noticed a demonspawn
    16 | D:1      | Noticed a minotaur
    18 | D:1      | Noticed a vampire
    18 | D:1      | Noticed an elf
    20 | D:1      | Noticed a gargoyle
    20 | D:1      | Noticed a ghoul
    22 | D:1      | Noticed a naga
    24 | D:1      | Noticed a tengu
    24 | D:1      | Noticed a dwarf
    26 | D:1      | Noticed a spriggan
   280 | D:1      | Reached XP level 2. HP: 27/27 MP: 1/1
  1407 | D:3      | Reached XP level 3. HP: 26/33 MP: 2/2
  1742 | D:3      | Reached skill level 3 in Long Blades
  1830 | D:3      | Noticed a centaur
  1838 | D:3      | Killed a centaur
  1838 | D:3      | Reached skill level 1 in Dodging
  1838 | D:3      | Reached XP level 4. HP: 36/41 MP: 3/3
  1838 | D:3      | Reached XP level 5. HP: 41/47 MP: 4/4
  2118 | D:4      | Reached skill level 4 in Long Blades
  2260 | D:4      | Noticed an ogre
  2266 | D:4      | Killed an ogre
  2266 | D:4      | Reached skill level 5 in Shields
  2328 | D:4      | Reached XP level 6. HP: 53/53 MP: 5/5
  2416 | D:4      | Noticed Natasha
  2424 | D:4      | Killed Natasha
  2572 | D:4      | Noticed Natasha
  2577 | D:4      | Killed Natasha
  2577 | D:4      | Reached skill level 5 in Long Blades
  2585 | D:4      | Noticed Natasha
  2589 | D:4      | Killed Natasha
  2589 | D:4      | Reached skill level 5 in Armour
  2593 | D:4      | Gained mutation: You are dopey. (Int -2) [potion of mutation]
  2593 | D:4      | Gained mutation: Your body sometimes deteriorates upon taking damage. [potion of mutation]
  2593 | D:4      | Lost mutation: You are dopey. (Int -2) [potion of mutation]
  2594 | D:4      | Lost mutation: Your body sometimes deteriorates upon taking damage. [potion of mutation]
  2594 | D:4      | Gained mutation: You are occasionally teleported next to monsters. [potion of mutation]
  2594 | D:4      | Gained mutation: Your muscles are strong. (Str +2) [potion of mutation]
  2594 | D:4      | Gained mutation: You are partially covered in molten scales. (AC +2) [potion of mutation]
  2640 | D:4      | Noticed Sigmund
  2645 | D:4      | Killed Sigmund
  2645 | D:4      | Reached XP level 7. HP: 52/60 MP: 6/6
  2817 | D:4      | Reached skill level 5 in Fighting
  2916 | D:4      | Noticed Dowan
  2918 | D:4      | Noticed Duvessa
  2922 | D:4      | Reached skill level 6 in Long Blades
  2934 | D:4      | Killed Dowan
  2935 | D:4      | Killed Duvessa
  3062 | D:4      | Found a radiant altar of Vehumet.
  3069 | D:4      | Found a snail-covered altar of Cheibriados.
  3071 | D:4      | Found a blossoming altar of Fedhas.
  3071 | D:4      | Found a shimmering altar of Xom.
  3071 | D:4      | Found an ancient bone altar of Kikubaaqudgha.
  3112 | D:5      | Entered Level 5 of the Dungeon
  3489 | D:5      | Reached XP level 8. HP: 64/69 MP: 7/7
  3515 | D:5      | Noticed cirnu's ghost (novice DsCK)
  3533 | D:5      | Killed cirnu's ghost
  3533 | D:5      | Reached skill level 7 in Long Blades
  3541 | D:5      | Found Igotarae's Antique Weapon Emporium.
  3544 | D:5      | Lost mutation: Your muscles are strong. (Str +2) [potion of mutation]
  3544 | D:5      | Gained mutation: You are partially covered in rugged brown scales. (AC +1, +3% HP) [potion of mutation]
  3544 | D:5      | Gained mutation: Your muscles are strong. (Str +2) [potion of mutation]
  3544 | D:5      | Gained mutation: You are agile. (Dex +2) [potion of mutation]
  3846 | D:6      | Found a shadowy altar of Dithmenos.
  3984 | D:6      | Reached skill level 8 in Long Blades
  4034 | D:6      | Noticed Edmund
  4042 | D:6      | Killed Edmund
  4132 | D:6      | Found a bloodstained altar of Trog.
  4164 | D:6      | Reached XP level 9. HP: 78/79 MP: 8/8
  4237 | D:6      | Upgraded the game from 0.21-a0-440-g28109cb to 0.21-a0-442-g848f44b
  4291 | D:6      | Found a staircase to the Ecumenical Temple.
  4308 | D:6      | Gained mutation: Your mind is acute. (Int +2) [mutagenic meat]
  4323 | Temple   | Entered the Ecumenical Temple
  4333 | Temple   | Became a worshipper of the Wu Jian Council
  4693 | D:7      | Reached skill level 9 in Long Blades
  4719 | D:7      | Paralysed by a hornet for 2 turns
  5039 | D:7      | Noticed a two-headed ogre
  5052 | D:7      | Killed a two-headed ogre
  5052 | D:7      | Reached skill level 10 in Long Blades
  5467 | D:8      | Found a sacrificial altar of Ru.
  5591 | D:8      | Reached XP level 10. HP: 88/88 MP: 9/9
  5596 | D:8      | Reached skill level 5 in Dodging
  5626 | D:8      | Reached * piety under Wu Jian
  5640 | D:8      | Found a flagged portal.
  5657 | Bailey   | Entered a bailey
  6593 | D:8      | Found a shattered altar of Ashenzari.
  6593 | D:8      | Found a hazy altar of Hepliaklqana.
  7039 | D:9      | Found a sparkling altar of Nemelex Xobeh.
  7134 | D:9      | You fall through a shaft for 2 floors!
  7164 | D:11     | Reached ** piety under Wu Jian
  7167 | D:11     | Reached skill level 11 in Long Blades
  7174 | D:11     | Noticed Fannar
  7174 | D:11     | Noticed a two-headed ogre
  7192 | D:11     | Noticed a death knight
  7270 | D:10     | Entered Level 10 of the Dungeon
  7274 | D:10     | Slain by a troll

Vault maps used:
D:1:      kb_arrival_jail
D:4:      minitemple, first_bread, uniq_sigmund, uniq_duvessa, uniq_natasha
D:5:      serial_shops, shop
D:6:      nicolae_dithmenos_the_darkroom, trog_ov_bears_minmay,
          minmay_temple_entry_butterflies, uniq_edmund
D:8:      minmay_cornered_nines, kennysheep_mini,
          gammafunk_temple_overflow_wave, enter_bailey_3, blue_anna_alchemist
D:9:      old_standard_altar, lemuel_doored_altar, uniq_psyche
D:10:     lair_entry_dummy
D:11:     minmay_the_grid_octo_2x2, orc_0_dummy, uniq_gastronok, uniq_fannar
Temple:   dpeg_chambers_temple
Bailey:   bailey_polearm_1, bailey

Skill      XL: |  1  2  3  4  5  6  7  8  9 10 |
---------------+-------------------------------+-----
Shields        | 4 5 6 7 9 |  9.9
Fighting       | 4 5 6 7 8 |  8.0
Armour         | 4 5 6 7 8 |  8.2
Long Blades    | 3 4 5 6 8 10 11 | 11.1
Dodging        | 1 2 4 5 |  5.4

Action                   |  1- 3 |  4- 6 |  7- 9 | 10-12 || total
-------------------------+-------+-------+-------+-------++-------
Melee: Long sword        |   117 |    33 |   297 |   141 ||   588
       Headbutt          |    11 |     4 |    61 |    43 ||   119
Evoke: Wand              |       |       |       |     3 ||     3
  Use: Scroll            |     5 |     5 |     3 |     2 ||    15
       Potion            |     5 |     3 |     1 |       ||     9
  Eat: Chunk             |     3 |     2 |    11 |     5 ||    21
Armor: Scale mail        |    62 |     7 |    75 |    19 ||   163
       Plate armour      |       |       |       |    31 ||    31
Dodge: Dodged            |    43 |    14 |   100 |    82 ||   239
Block: Shield            |    73 |    14 |   179 |   136 ||   402
       Rpst.: Long sword |    10 |     3 |    29 |    10 ||    52

Table legend:
 A = Spawn XP
 B = Non-spawn XP
 C = Spawn XP percentage of total XP
 D = Spawn monster count
 E = Non-spawn monster count
 F = Spawn count percentage of total count
 G = Total turns spent on level
                    A         B        C        D         E        F      G
               +---------+---------+-------+---------+---------+-------+---------
         Total |       0 |    7851 |   0.0 |       0 |     181 |   0.0 |  7274
               +---------+---------+-------+---------+---------+-------+---------
           D:1 |       0 |      30 |   0.0 |       0 |      19 |   0.0 |   811
           D:2 |       0 |       7 |   0.0 |       0 |       6 |   0.0 |   591
           D:3 |       0 |     178 |   0.0 |       0 |      24 |   0.0 |   712
           D:4 |       0 |     926 |   0.0 |       0 |      21 |   0.0 |   998
           D:5 |       0 |     888 |   0.0 |       0 |      19 |   0.0 |   701
           D:6 |       0 |    1023 |   0.0 |       0 |      19 |   0.0 |   776
           D:7 |       0 |    1999 |   0.0 |       0 |      14 |   0.0 |   854
           D:8 |       0 |    1265 |   0.0 |       0 |      34 |   0.0 |   849
           D:9 |       0 |     413 |   0.0 |       0 |       4 |   0.0 |    95
          D:11 |       0 |     827 |   0.0 |       0 |       7 |   0.0 |   136
        Bailey |       0 |     295 |   0.0 |       0 |      14 |   0.0 |   728
               +---------+---------+-------+---------+---------+-------+---------
